 Dungeon Sprint DCSS version 0.22-a0-254-gaf95ca0 (webtiles) character file.

5809 Ghella the Warrior (level 10, -5/108 HPs)
             Began as a Red Draconian Berserker on Mar 4, 2018.
             Was an Elder of Trog.
             Slain by a ghost moth (16 damage)
             ... called by a spriggan druid
             ... in the Dungeon (Sprint VII: "The Pits").
             The game lasted 00:11:06 (4809 turns).

Ghella the Warrior (Red Draconian Berserker)        Turns: 4809, Time: 00:11:08

Health: -5/108     AC:  7    Str: 20 (22) XL:     10   Next: 50%
Magic:  0/10       EV: 21    Int: 10      God:    Trog [****..]
Gold:   0          SH:  0    Dex: 12      Spells: 9/9 levels left

rFire    + . .     SeeInvis .   i - +2 executioner's axe (elec)
rCold    . . .     Gourm    .   (shield currently unavailable)
rNeg     . . .     Faith    .   (armour unavailable)
rPois    .         Spirit   .   (helmet restricted)
rElec    .         Reflect  .   (no cloak)
rCorr    .         Harm     .   (no gloves)
MR       .....     NoTele   +   (no boots)
Stlth    ++++......             (no amulet)
HPRegen  0.00/turn              o - +3 ring of intelligence
MPRegen  0.12/turn              p - +3 ring of evasion

@: lethally poisoned (-5 -> -98)
A: breathe fire, unfitting armour, stinger 1, blurry vision 1, fire resistance
1, inhibited regeneration, cold-blooded, AC +7
a: Breathe Fire, Berserk, Trog's Hand, Brothers in Arms, Renounce Religion


You were in the Dungeon.
You worshipped Trog.
Trog was greatly pleased with you.
You were not hungry.

You visited 1 branch

Inventory:

Hand Weapons
 i - a +2 executioner's axe of electrocution (weapon)
 l - a +5 antimagic battleaxe
 m - a +6 antimagic executioner's axe
 s - a +2 war axe of freezing
Jewellery
 o - a +3 ring of intelligence (left hand)
 p - a +3 ring of evasion (right hand)
Scrolls
 j - 3 scrolls of remove curse
 k - a scroll of summoning
Potions
 a - 2 potions of invisibility
 c - 6 potions of curing
 d - 4 potions of heal wounds
 e - 3 potions of haste
 f - 4 potions of magic
 g - 4 potions of berserk rage
 q - a potion of agility
 r - a potion of might
Comestibles
 b - 4 rations
 h - 2 chunks of flesh


   Skills:
 * Level 16.4 Fighting
 + Level 14.3 Axes
 + Level 11.0 Dodging
 + Level 7.6 Stealth


You had 9 spell levels left.
You didn't know any spells.

Dungeon Overview and Level Annotations

Branches:
Dungeon (1/1)

Altars:
Ashenzari
Cheibriados
Dithmenos
Elyvilon
Fedhas
Gozag
Hepliaklqana
Kikubaaqudgha
Makhleb
Nemelex Xobeh
Okawaru
Qazlal
Ru
Sif Muna
Trog
Uskayaw
Vehumet
Wu Jian
Xom
Yredelemnul
Zin
The Shining One
Beogh
Jiyva
Lugonu

Annotations:
D Eustachio


Innate Abilities, Weirdness & Mutations

You can breathe blasts of fire.
Your fiery red scales are hard. (AC +7)
You cannot fit into any form of body armour.
Your flesh is heat resistant. (rF+)
You are cold-blooded and may be slowed by cold attacks.
Your tail ends in a poisonous barb.
Scrolls take you a little longer to read.
You do not regenerate when monsters are visible.


Message History

You feel extremely sick.
You feel you are being watched by something.
You feel your power leaking away. Something hits you!
* * * LOW HITPOINT WARNING * * *
Something hits you.
* * * LOW HITPOINT WARNING * * *
Something stings you.
* * * LOW HITPOINT WARNING * * *
Something closely misses you. Something hits you.
* * * LOW HITPOINT WARNING * * *
Something stings you.
* * * LOW HITPOINT WARNING * * *
You feel much better.
* * * LOW HITPOINT WARNING * * *
You feel extremely sick. Something hits you!
* * * LOW HITPOINT WARNING * * *
Something hits you!
You die...

############
#_________.#
#_________.#
#_______...##########
##########'##......g.
#.?(.')))'.##......#.
##########.##.....)..
#.))@{....))'........
#)#####'#####[...).#.
#.#..#...'.##...)..))
#)#..#...#.#####'####
#.#..#####.##.......#
#.#..'...#.##...{)..#
#(#..'...'.##.......#
#(#..########...<...#
#)#..'[).))##.......#


There were no monsters in sight!

Vanquished Creatures
  2 phantasmal warriors (D)
  A lindwurm (D)
  A deep elf mage (D)
  A manticore (D)
  A kobold demonologist (D)
  A blink frog (D)
  A flying skull (D)
  A steam dragon (D)
  A warg (D)
  3 vampire mosquitoes (D)
  A porcupine (D)
  An orc warrior (D)
  An ogre (D)
  A wight (D)
  A jelly (D)
  A hound (D)
  A gnoll shaman (D)
  An orc priest (D)
  Ijyb (D)
  3 gnolls (D)
  2 oozes (D)
  6 orcs (D)
  A bat (D)
  4 jackals (D)
  A quokka (D)
  A ball python (D)
  A frilled lizard (D)
  A rat (D)
42 creatures vanquished.

Vanquished Creatures (collateral kills)
  An orc knight (D)
  An orc sorcerer (D)
  An elephant (D)
  A molten gargoyle (D)
  A troll (D)
  5 blink frogs (D)
  A dream sheep (D)
  A floating eye (D)
  An orc warrior (D)
  An ogre (D)
  A centaur (D)
  4 wights (D)
  2 orc wizards (D)
  A hell rat (D)
  A river rat (D)
  An ufetubus (D)
  An ooze (D)
25 creatures vanquished.

Vanquished Creatures (others)
  A gnoll (D)
1 creature vanquished.

Grand Total: 68 creatures vanquished

Notes
Turn   | Place    | Note
-------+----------+-------------------------------------------
     0 | D        | Ghella the Draconian Berserker began the quest for the Orb.
     0 | D        | Reached XP level 1. HP: 19/19 MP: 1/1
   276 | D        | Found a bloodstained altar of Trog.
   276 | D        | Found a deep blue altar of Sif Muna.
   276 | D        | Found a viscous altar of Jiyva.
   276 | D        | Found a hazy altar of Hepliaklqana.
   276 | D        | Found an opulent altar of Gozag.
   277 | D        | Found a glowing golden altar of the Shining One.
   277 | D        | Found a glowing silver altar of Zin.
   277 | D        | Found a basalt altar of Yredelemnul.
   277 | D        | Found a shimmering altar of Xom.
   277 | D        | Found an ornate altar of the Wu Jian Council.
   277 | D        | Found a sacrificial altar of Ru.
   277 | D        | Found a stormy altar of Qazlal.
   277 | D        | Found an iron altar of Okawaru.
   277 | D        | Found a sparkling altar of Nemelex Xobeh.
   277 | D        | Found a burning altar of Makhleb.
   277 | D        | Found a blossoming altar of Fedhas.
   277 | D        | Found a white marble altar of Elyvilon.
   277 | D        | Found a shadowy altar of Dithmenos.
   277 | D        | Found a snail-covered altar of Cheibriados.
   279 | D        | Found a radiant altar of Vehumet.
   279 | D        | Found a corrupted altar of Lugonu.
   279 | D        | Found a roughly hewn altar of Beogh.
   280 | D        | Found a hide-covered altar of Uskayaw.
   280 | D        | Found an ancient bone altar of Kikubaaqudgha.
   280 | D        | Found a shattered altar of Ashenzari.
   332 | D        | Reached ** piety under Trog
   498 | D        | Reached skill level 4 in Fighting
   498 | D        | Reached XP level 2. HP: 27/27 MP: 2/2
   503 | D        | Reached *** piety under Trog
   524 | D        | Reached skill level 5 in Fighting
   535 | D        | Reached **** piety under Trog
   541 | D        | Reached skill level 6 in Fighting
   541 | D        | Reached XP level 3. HP: 18/37 MP: 3/3
   931 | D        | Noticed a deep elf mage
   932 | D        | Noticed a centaur
   944 | D        | Reached skill level 5 in Axes
   945 | D        | Noticed a floating eye
   946 | D        | Killed a centaur
   946 | D        | Reached skill level 7 in Fighting
   946 | D        | Reached skill level 5 in Dodging
   946 | D        | Reached skill level 1 in Stealth
   946 | D        | Reached XP level 4. HP: 47/47 MP: 4/4
   951 | D        | Killed a deep elf mage
   951 | D        | Reached ***** piety under Trog
   951 | D        | Reached skill level 11 in Fighting
   951 | D        | Reached XP level 5. HP: 43/60 MP: 5/5
   951 | D        | Reached XP level 6. HP: 49/68 MP: 6/6
   951 | D        | Your scales start taking on a fiery red colour.
   951 | D        | Reached XP level 7. HP: 53/74 MP: 7/7
   951 | D        | Gained mutation: Your flesh is heat resistant. (rF+) [Red Draconian growth]
   953 | D        | Received a gift from Trog
  1244 | D        | Noticed a phantasmal warrior
  1258 | D        | Killed a phantasmal warrior
  1258 | D        | Reached skill level 12 in Fighting
  1258 | D        | Reached XP level 8. HP: 38/85 MP: 2/8
  1506 | D        | Noticed Ijyb
  1510 | D        | Reached skill level 10 in Axes
  1524 | D        | Killed Ijyb
  1538 | D        | Reached skill level 13 in Fighting
  1543 | D        | Reached skill level 5 in Stealth
  1545 | D        | Received a gift from Trog
  1758 | D        | Gained mutation: You do not regenerate when monsters are visible. [potion of mutation]
  1758 | D        | Gained mutation: Scrolls take you a little longer to read. [potion of mutation]
  1758 | D        | Gained mutation: Your tail ends in a poisonous barb. [potion of mutation]
  1832 | D        | Noticed a lindwurm
  1833 | D        | Noticed a flying skull
  1860 | D        | Killed a lindwurm
  1860 | D        | Reached skill level 14 in Fighting
  1860 | D        | Reached XP level 9. HP: 21/95 MP: 3/9
  2297 | D        | Reached ****** piety under Trog
  2566 | D        | Noticed an efreet
  2754 | D        | Noticed a troll
  2754 | D        | Noticed an orc sorcerer
  2755 | D        | Noticed an orc knight
  2760 | D        | Killed a troll
  2761 | D        | Killed an orc sorcerer
  2761 | D        | Received a gift from Trog
  2761 | D        | Reached skill level 15 in Fighting
  2761 | D        | Reached skill level 10 in Dodging
  2770 | D        | Killed an orc knight
  3027 | D        | Noticed a death yak
  3028 | D        | Noticed a molten gargoyle
  3028 | D        | Noticed a phantasmal warrior
  3028 | D        | Noticed a spriggan druid
  3029 | D        | Noticed Eustachio
  3030 | D        | Noticed a manticore
  3032 | D        | Noticed a death yak
  3081 | D        | Received a gift from Trog
  3584 | D        | Noticed a kobold demonologist
  3595 | D        | Noticed a red devil
  3597 | D        | Noticed a smoke demon
  3599 | D        | Noticed a sixfirhy
  3599 | D        | Killed a kobold demonologist
  3599 | D        | Reached XP level 10. HP: 81/106 MP: 10/10
  3736 | D        | Killed a manticore
  3868 | D        | Killed a molten gargoyle
  3869 | D        | Received a gift from Trog
  3882 | D        | Reached skill level 16 in Fighting
  3897 | D        | Noticed a five-headed hydra
  3908 | D        | Noticed an elephant
  3910 | D        | Noticed a death yak
  3918 | D        | Killed an elephant
  4200 | D        | HP: 6/160 [phantasmal warrior (26)]
  4201 | D        | Killed a phantasmal warrior
  4809 | D        | Slain by a ghost moth

Vault maps used:
D:        pitsprint

Skill      XL: |  1  2  3  4  5  6  7  8  9 10 |
---------------+-------------------------------+-----
Dodging        | 3 4 5 7 8 9 10 11 | 11.0
Fighting       | 4 6 7 11 12 14 15 16 | 16.4
Axes           | 4 5 8 9 11 13 14 | 14.3
Stealth        | 1 3 4 5 6 7 |  7.6

Action                   |  1- 3 |  4- 6 |  7- 9 | 10-12 || total
-------------------------+-------+-------+-------+-------++-------
Melee: Hand axe          |    48 |     2 |       |       ||    50
       Tailslap          |     5 |     1 |    17 |     4 ||    27
       Battleaxe         |       |       |    45 |       ||    45
       War axe           |       |       |    32 |       ||    32
       Executioner's axe |       |       |    13 |    30 ||    43
Invok: Berserk           |     1 |       |     2 |     1 ||     4
       Brothers in Arms  |     1 |       |     3 |     4 ||     8
       Trog's Hand       |       |       |     1 |       ||     1
 Abil: Breathe Fire      |       |       |     2 |       ||     2
  Use: Potion            |     1 |       |     3 |     3 ||     7
       Scroll            |       |       |       |     1 ||     1
 Stab: Sleeping          |       |       |     2 |       ||     2
       Distracted        |       |       |     1 |     1 ||     2
  Eat: Ration            |       |       |     4 |     1 ||     5
       Chunk             |       |       |     2 |     1 ||     3
Armor: Skin              |     9 |       |    19 |    14 ||    42
Dodge: Dodged            |    33 |       |   121 |    55 ||   209

Table legend:
 A = Spawn XP
 B = Non-spawn XP
 C = Spawn XP percentage of total XP
 D = Spawn monster count
 E = Non-spawn monster count
 F = Spawn count percentage of total count
 G = Total turns spent on level
                    A         B        C        D         E        F      G
               +---------+---------+-------+---------+---------+-------+---------
         Total |       0 |    8299 |   0.0 |       0 |      67 |   0.0 |  4809
               +---------+---------+-------+---------+---------+-------+---------
             D |       0 |    8299 |   0.0 |       0 |      67 |   0.0 |  4809
               +---------+---------+-------+---------+---------+-------+---------
